 Dungeon Crawl Stone Soup version 0.29-a0-577-gafbf2c5d25 (webtiles) character file.

Game seed: 1040392445561354947

32 DocClef the Sneak (level 3, -1/28 (33) HPs)
             Began as a Draconian Delver on June 13, 2022.
             Slain by a necrophage (2 damage)
             ... on level 5 of the Dungeon.
             The game lasted 00:00:22 (521 turns).

DocClef the Sneak (Draconian Delver)                 Turns: 521, Time: 00:00:23

HP:   -1/28 (33)    AC:  5    Str: 14    XL:     3   Next: 8%
MP:   3/3           EV: 12    Int: 10    God:
Gold: 27            SH:  0    Dex: 14    Spells: 2/2 levels left

rFire   . . .      SeeInvis .   a - +0 short sword
rCold   . . .      Faith    .   (no shield)
rNeg    . . .      Spirit   .   (body armour unavailable)
rPois   .          Reflect  .   (helmet restricted)
rElec   .          Harm     .   (no cloak)
rCorr   .          Rampage  .   (no gloves)
Will    .....                   (no boots)
Stlth   +++.......              (no amulet)
HPRegen 0.09/turn               (no ring)
MPRegen 0.08/turn               (no ring)

@: heavily drained
A: AC +5, unfitting armour, cold-blooded
a: no special abilities


You were on level 5 of the Dungeon.
You visited 1 branch of the dungeon, and saw 2 of its levels.

You collected 27 gold pieces.

Inventory:

Hand Weapons
 a - a +0 short sword (weapon)
Wands
 f - a wand of digging (3)
Scrolls
 b - a scroll of fog
 c - a scroll of magic mapping
 d - a scroll of fear
 g - a scroll of enchant armour {unknown}
Potions
 e - a potion of haste


   Skills:
 + Level 3.6 Fighting
 + Level 2.4 Short Blades
 + Level 2.2 Dodging
 + Level 4.8 Stealth


You had 2 spell levels left.
You didn't know any spells.
Your spell library was empty.

Dungeon Overview and Level Annotations

Branches:
Dungeon (5/15)
 Temple: D:4-7

Altars:

Annotations:
D:4 Eustachio


Innate Abilities, Weirdness & Mutations

Your plain brown scales are hard. (AC +5)
You cannot fit into any form of body armour.
You are cold-blooded and may be slowed by cold attacks.


Message History

The necrophage is severely damaged.
The necrophage closely misses you.
You completely miss the necrophage.
The necrophage is severely damaged.
The necrophage hits you.
* * * LOW HITPOINT WARNING * * *
You feel drained.
* * * LOW HITPOINT WARNING * * *
You hit the necrophage but do no damage.
The necrophage is severely damaged.
The necrophage hits you.
* * * LOW HITPOINT WARNING * * *
You barely miss the necrophage.
The necrophage is severely damaged.
The necrophage barely misses you.
You closely miss the necrophage.
You tail-slap the necrophage, but do no damage.
The necrophage is severely damaged.
The necrophage closely misses you.
You hit the necrophage.
The necrophage is severely damaged.
The necrophage completely misses you.
You hit the necrophage.
The necrophage is almost destroyed.
The necrophage misses you.
You hit the necrophage.
The necrophage is almost destroyed.
The necrophage misses you.
You hit the necrophage but do no damage.
The necrophage is almost destroyed.
The necrophage closely misses you.
You hit the necrophage.
The necrophage is almost destroyed.
The necrophage hits you but does no damage.
You barely miss the necrophage.
The necrophage is almost destroyed.
The necrophage hits you.
* * * LOW HITPOINT WARNING * * *
You feel drained.
You die...

#. #.... #.#
#.###.... #.#
#.....#.###.#
#.....#.....#
#.#...#.#.######.#.
#.......#..........
#..O..O5#..#####.##
#..#..#n#..#
#.....#@#..#
##.#..###..# #.#.
#....# # #. #.##.#
#..#.##.# ..
.#..#....# ..
........######.#
...............#
........##....#


You could see an ogre, a necrophage and a white imp.

Vanquished Creatures
  A hound (D:5)
  An orc (D:5)
2 creatures vanquished.

Notes
Turn   | Place    | Note
-------+----------+-------------------------------------------
     0 | D:5      | DocClef the Draconian Delver began the quest for the Orb.
     0 | D:5      | Reached XP level 1. HP: 19/19 MP: 1/1
   214 | D:5      | Noticed a hound
   236 | D:5      | Killed a hound
   237 | D:5      | Reached XP level 2. HP: 5/27 MP: 2/2
   237 | D:5      | Reached XP level 3. HP: 7/33 MP: 3/3
   491 | D:5      | Noticed an ogre
   494 | D:5      | Noticed a necrophage
   498 | D:4      | Noticed Eustachio
   498 | D:4      | Noticed a necrophage
   521 | D:5      | HP: 1/29 [necrophage (4)]
   521 | D:5      | Slain by a necrophage

Illustrated notes

Levels and vault maps discovered:
D:4:      minmay_skewed_foursquare, layout_basic, lemuel_crystal_altar,
          serial_shops, shop_coins, nicolae_diamond_shop, shop_fountains,
          minmay_vboxes, uniq_robin, uniq_natasha, uniq_eustachio
D:5:      layout_basic, minmay_misc_feat_cross, uniq_duvessa

Skill      XL: |  1 |
---------------+----+-----
Dodging        | 2 |  2.2
Fighting       | |  3.6
Short Blades   | |  2.4
Stealth        | |  4.8

Action                   || total
-------------------------++-------
Melee: Short sword       ||    41
       Tailslap          ||     5
Armor: Skin              ||    13
Dodge: Dodged            ||    24

Table legend: (Time is in decaauts)
 A = Elapsed time spent in this place.
 B = Non-inter-level travel time spent in this place.
 C = Inter-level travel time spent in this place.
 D = Time resting spent in this place.
 E = Time spent auto-exploring this place.
 F = Levels seen in this place.
 G = Mean time per level.
                   A        B        C        D        E       F      G
               +--------+--------+--------+--------+--------+-----+--------+
         Total |    521 |    521 |      0 |      0 |    453 |   2 |  260.5 |
       Dungeon |    521 |    521 |      0 |      0 |    453 |   2 |  260.5 |
               +--------+--------+--------+--------+--------+-----+--------+

Top non-repeatable levels by time:
     D:5: 519 daAuts
     D:4: 1 daAuts
